 Dungeon Crawl Stone Soup version 0.30.0 (webtiles) character file.

Game seed: 9910470981591948325

57 Meow the Conjurer (level 4, 36/36 HPs)
             Began as a Naga Conjurer on Dec 20, 2023.
             Quit the game on level 2 of the Dungeon.
             The game lasted 00:03:47 (1532 turns).

Meow the Conjurer (Naga Conjurer)                   Turns: 1532, Time: 00:03:48

Health: 36/36      AC:  8    Str: 10    XL:     4   Next: 0%
Magic:  6/8        EV:  7    Int: 20    God:
Gold:   70         SH:  0    Dex:  9    Spells: 6/9 levels left

rFire   . . .        a - +0 sling
rCold   . . .        (no shield)
rNeg    . . .        g - +0 robe
rPois   +            (no helmet)
rElec   .            (no cloak)
rCorr   .            o - +0 pair of gloves
SInv    +            q - +1 barding
Will    .....        (no amulet)
Stlth   ++           (no ring)
HPRegen 0.26/turn    (no ring)
MPRegen 0.11/turn

%: no passive effects
@: short of breath, very slow
A: AC +1, large, see invisible, deformed body, poison resistance, slowness 2,
spit poison 1, naga tail 1
a: Spit Poison


You were on level 2 of the Dungeon.
You visited 1 branch of the dungeon, and saw 2 of its levels.

You collected 70 gold pieces.

Inventory:

Hand Weapons
 a - a +0 sling (weapon)
 b - a +0 dagger
Missiles
 d - 13 stones
Armour
 g - a +0 robe (worn)
 o - a +0 pair of gloves (worn)
 q - a +1 barding (worn)
Jewellery
 m - a ring of magical power
Scrolls
 e - 3 scrolls of vulnerability {unknown}
 h - a scroll of fog {unknown}
 j - 2 scrolls of identify {unknown}
 n - a scroll of blinking {unknown}
 p - a scroll of teleportation {unknown}
 r - a scroll of fear {unknown}
 s - a scroll of enchant weapon {unknown}
 t - a scroll of noise {unknown}
Potions
 c - a potion of flight {unknown}
 f - a potion of resistance {unknown}
 i - 2 potions of haste {unknown}
 k - a potion of magic
 l - a potion of lignification {unknown}


   Skills:
 - Level 1.5 Dodging
 - Level 3.0 Stealth
 + Level 3.0 Spellcasting
 + Level 4.7 Conjurations


You had 6 spell levels left.
You knew the following spells:

 Your Spells              Type           Power      Damage    Failure   Level
a - Magic Dart            Conj           88%        1d7       1%          1
b - Searing Ray           Conj           44%        2d6       3%          2

Your spell library contained the following spells:

 Spells                   Type           Power      Damage    Failure   Level
 Dazzling Flash           Conj/Hex       24%        N/A       16%         3
 Fulminant Prism          Conj/Hex       6%         3d7       47%         4
 Iskenderun's Mystic Bla  Conj/Tloc      12%        2d5       47%         4


Dungeon Overview and Level Annotations

Branches:
Dungeon (2/15)

Altars:

Shops:
D:2 ?[:


Innate Abilities, Weirdness & Mutations

Your serpentine skin is tough. (AC +1)
You have supernaturally acute eyesight. (SInv)
Armour fits poorly on your strangely shaped body.
Your system is resistant to poisons. (rPois)
You cover ground very slowly.
You can spit poison.
You have a snake-like lower body.


Message History

You start resting.
You have got your breath back.
You start resting.
Magic restored.
e - 3 scrolls labelled EMOSUX NIWIO (gained 1)
You open the door.
There is an open door here.
Found a leather armour.
A hobgoblin comes into view.
Found 4 gold pieces.
The hobgoblin shouts!
Fire: a) +0 sling
Press: ? - help, Q - select action, (/) - cycle Shift-Dir - straight line, f - hobgoblin
Aim: a hobgoblin (47% to hit)
You shoot a sling bullet. The sling bullet hits the hobgoblin.
The hobgoblin is moderately wounded.
Unknown command.
Aiming: Spit Poison (2% risk of failure)
Press: ? - help, Shift-Dir - straight line, f/p - hobgoblin
Aim: a hobgoblin (moderately wounded, 59% to hit)
You fail to use your ability.
Unknown command.
Aiming: Spit Poison (2% risk of failure)
Press: ? - help, Shift-Dir - straight line, f/p - hobgoblin
Aim: a hobgoblin (moderately wounded, 59% to hit)
The splash of poison misses the hobgoblin.
Unknown command.
Casting: Magic Dart (safe; 1% risk of failure)
Confirm with . or Enter, or press ? or * to list all spells.
Aiming: Magic Dart (safe; 1% risk of failure)
Press: ? - help, Shift-Dir - straight line, f/p - hobgoblin
Aim: a hobgoblin (moderately wounded, 100% to hit)
The magic dart hits the hobgoblin.
You kill the hobgoblin!
You have reached level 4!
You feel stronger.
Casting: Magic Dart (safe; 1% risk of failure)
Confirm with . or Enter, or press ? or * to list all spells.
You don't know that spell.
Are you sure you want to abandon this character and quit the game? (Confirm with "yes".)

..# ###.##
##[##.....##
##..#... ###
#... #.
#.....#
##...).
...#.
#.##.....#
#.#... ...#
#.....####
#.#...
#.##.....#
###'#...
.........#
#.......
........##
#......#
........#
#......#
.......@#
#....†.#
###.###.#
#.)....# #.
.†. #......+
# .....
#......#
$......
########
#..?....#
#####
#.......#
....#
#.......#
###.#


There were no monsters in sight!

Vanquished Creatures
  An adder (D:2)
  A worm (D:2)
  2 dart slugs
  8 bats
  7 endoplasms
  2 goblins (D:1)
  4 hobgoblins
  3 kobolds
  2 quokkas
  3 ball pythons
  2 frilled lizards
  4 rats
39 creatures vanquished.

Vanquished Creatures (others)
  A plant (D:2)
1 creature vanquished.

Grand Total: 40 creatures vanquished

Notes
Turn   | Place    | Note
-------+----------+-------------------------------------------
     0 | D:1      | Meow the Naga Conjurer began the quest for the Orb.
     0 | D:1      | Reached XP level 1. HP: 15/15 MP: 3/3
   193 | D:1      | Reached XP level 2. HP: 22/22 MP: 1/5
   196 | D:1      | Learned a level 2 spell: Searing Ray
   640 | D:1      | Reached XP level 3. HP: 28/28 MP: 6/6
   843 | D:2      | Found Emuuloog's Armour Boutique.
  1095 | D:2      | Found Kon Dusi's Magic Scroll Boutique.
  1276 | D:2      | Found Enaawevit's Book Shoppe.
  1532 | D:2      | Reached XP level 4. HP: 36/36 MP: 6/8
  1532 | D:2      | Quit the game

Illustrated notes

Levels and vault maps discovered:
D:1:      psy_arrival_fountain, layout_rooms
D:2:      layout_basic, serial_shops, shop, shop, shop, serial_bayou_lake_a

Skill      XL: |  1  2  3 |
---------------+----------+-----
Spellcasting   | 3 |  3.0
Dodging        | |  1.5
Stealth        | |  3.0
Conjurations   | |  4.7

Action                     |  1- 3 |  4- 6 || total
---------------------------+-------+-------++-------
  Melee: Dagger            |     3 |       ||     3
   Fire: Sling             |    19 |       ||    19
   Cast: Magic Dart        |    33 |       ||    33
         Searing Ray       |     5 |       ||     5
Ability: Spit Poison       |    24 |       ||    24
 Armour: Robe              |     3 |       ||     3
  Dodge: Dodged            |     4 |       ||     4
